 Dungeon Crawl Stone Soup version 0.31-a0-263-ge8cad7f256 (webtiles) character file.

Game seed: 1147229669631508760

2019 cforsyth the Grappler (level 9, -1/67 HPs)
             Began as a Meteoran Shapeshifter on July 14, 2023.
             Was a Follower of Makhleb.
             Slain by a gnoll sergeant
             ... wielding a +2 trident of venom
              (8 damage)
             ... on level 8 of the Dungeon.
             The game lasted 00:16:01 (2241 turns).

cforsyth the Grappler (Meteoran Shapeshifter)       Turns: 2241, Time: 00:16:01

Health: -1/67      AC:  8    Str: 22    XL:     9   Next: 75%
Magic:  10/10      EV:  9    Int: 10    God:    Makhleb [*.....]
Gold:   164        SH:  0    Dex: 14    Spells: 8/8 levels left

rFire   . .          .
                       - Unarmed
rCold   x . .        (no shield)
rNeg    . . .        y - +0 chain mail
rPois   .            (helmet currently unavailable)
rElec   .            (cloak currently unavailable)
rCorr   .            (gloves currently unavailable)
SInv    +            (boots currently unavailable)
Will    +....        d - amulet of the Loving Madman {RegenMP Regen+} Stlth
                     q - ring of see invisible
HPRegen 1.91/turn    (no ring)
MPRegen 0.52/turn

%: no passive effects
@: lethally poisoned (-1 -> -2), beast-form, glowing
A: beast (slay +6), sense surroundings 2, otherworldly, glowing, explore regen,
regeneration 1, cold vulnerability 1, inability to drink after injury 1
a: Begin Untransformation, Renounce Religion


You were on level 8 of the Dungeon.
You worshipped Makhleb.
Makhleb was aware of your devotion.
You were a hulking beast.
You visited 2 branches of the dungeon, and saw 9 of its levels.

You collected 229 gold pieces.
You spent 65 gold pieces at shops.

Inventory:

Missiles
 l - a throwing net
Armour
 a - a +0 animal skin
 g - a +0 scale mail
 j - a +0 pair of gloves
 m - a +2 kite shield
 n - a +0 hat
 p - a +0 cloak
 y - a +0 chain mail (worn)
Jewellery
 d - the amulet of the Loving Madman (around neck) {RegenMP Regen+}
   (You acquired it on level 4 of the Dungeon)

   [amulet of magic regeneration]

   It increases your rate of magic regeneration.
   Regen:     It increases your rate of health regeneration.
 f - a ring of fire
 q - a ring of see invisible (left hand)
Talismans
 c - a beast talisman
Wands
 v - a wand of flame (5)
 B - a wand of paralysis (11)
Scrolls
 b - a scroll of blinking
 e - a scroll of silence
 i - a scroll of teleportation {unknown}
 o - a scroll of enchant weapon {unknown}
 s - a scroll of immolation {unknown}
 u - a scroll of noise {unknown}
 A - a scroll of vulnerability {unknown}
Potions
 h - 3 potions of curing
 k - a potion of brilliance
 r - 3 potions of heal wounds
 t - a potion of berserk rage
 w - a potion of degeneration {unknown}
 x - 3 potions of might {unknown}
 z - a potion of attraction {unknown}


   Skills:
 - Level 2.1 Fighting
 - Level 2.4 Dodging
 + Level 10.3 Unarmed Combat
 + Level 9.2 Shapeshifting


You had 8 spell levels left.
You didn't know any spells.
Your spell library contained the following spells:

 Spells                   Type           Power      Damage    Failure   Level
 Blink                    Tloc           0%         N/A       99%         2
 Manifold Assault         Tloc           0%         N/A       100%        4
 Dispersal                Tloc           0%         N/A       100%        6
 Disjunction              Tloc           0%         N/A       100%        8


Dungeon Overview and Level Annotations

Branches:
Dungeon (8/15) Zot: 2663   Temple (1/1) D:6 Zot: 533    Lair (0/5) D:8

Altars:
Cheibriados
Dithmenos
Elyvilon
Fedhas
Hepliaklqana
Makhleb
Nemelex Xobeh
Okawaru
Qazlal
Uskayaw
Xom
Yredelemnul
Zin
The Shining One

Shops:
D:2 [   D:5 :([!   D:6 (


Innate Abilities, Weirdness & Mutations

You are a hulking beast.
Your limbs bulge with bestial killing power. (Slay +6)
You passively map the area around you.
You are easily found by Zot.
You glow in the dark.
You regain HP and MP as you explore.
Your natural rate of healing is unusually fast.
You are vulnerable to cold. (rC-)
You occasionally lose the ability to drink potions when taking damage.


Message History

You feel very sick.
The gnoll sergeant hits you from afar with a +2 trident of venom.
You are more poisoned.
You feel very sick.
The gnoll sergeant hits you with a +2 trident of venom!
You are more poisoned.
The gnoll hits you from afar with a +0 halberd.
You see here a +0 spear.
You punch the gnoll sergeant!
The gnoll sergeant is heavily wounded.
You feel extremely sick. The gnoll sergeant barely misses you.
The gnoll misses you.
You hit the gnoll sergeant but do no damage.
The gnoll sergeant is heavily wounded.
* * * LOW HITPOINT WARNING * * *
You feel extremely sick.
The gnoll hits you from afar with a +0 halberd.
* * * LOW HITPOINT WARNING * * *
The gnoll sergeant hits you with a +2 trident of venom!
* * * LOW HITPOINT WARNING * * *
You are more poisoned.
Unknown command.
Unknown command.
You feel better. The gnoll barely misses you.
The gnoll sergeant hits you with a +2 trident of venom!
You feel threatened and lose the ability to drink potions!
* * * LOW HITPOINT WARNING * * *
You are poisoned.
You cannot drink potions in your current state!
You cannot drink potions in your current state!
Unknown command.
Unknown command.
Blink to where?
Press: ? - help, Dir - move target
As you read the scroll of blinking, it crumbles to dust.
You feel very sick.
You can drink potions again.
You feel very sick.
The gnoll sergeant hits you from afar with a +2 trident of venom!
You die...

**,,,,,,,**
#..#.........###,,
*,,,,,,,*
#..#.........###**
**,,,,,**
#............### *
**,,,**
#......g.....###
**,**
#...#.......####
*,,****
##g####.<.######
**,,,,*
#g##############
****,*
##.############## *,*
#.h############## *,*
#.###############
*,**#.###############
*,,,.################
***#.*###############
***..,,,,* *,...,,,,*
**#.,,,,,* **,,,,**


You could see a gnoll sergeant and a gnoll.

Vanquished Creatures
  Prince Ribbit (D:6)
  Grinder (D:6)
  A wraith (D:7)
  Edmund (D:6)
  An ice beast (D:6)
  An orc warrior (D:7)
  An ogre (D:3)
  A centaur (D:6)
  A phantom (D:5)
  2 bullfrogs
  Blork the orc (D:6)
  3 scorpions
  2 orc priests
  5 iguanas
  4 orc wizards
  6 adders
  14 gnolls
  A shadow imp (D:5)
  2 ufetubi
  4 dart slugs
  11 orcs
  4 endoplasms
  3 hobgoblins
  4 jackals (D:4)
  6 quokkas
  6 ball pythons
  5 bats
  5 frilled lizards
  A goblin (D:2)
  2 kobolds (D:1)
  4 rats
104 creatures vanquished.

Vanquished Creatures (others)
  A dart slug (D:3)
  A goblin (D:3)
  A jackal (D:3)
  A frilled lizard (D:3)
4 creatures vanquished.

Grand Total: 108 creatures vanquished

Notes
Turn   | Place    | Note
-------+----------+-------------------------------------------
     0 | D:1      | cforsyth the Meteoran Shapeshifter began the quest for the
                  | Orb.
     0 | D:1      | Reached XP level 1. HP: 17/17 MP: 2/2
   150 | D:1      | Reached XP level 2. HP: 24/24 MP: 3/3
   203 | D:1      | Reached skill level 3 in Unarmed Combat
   269 | D:2      | Reached XP level 3. HP: 29/29 MP: 4/4
   446 | D:2      | Reached XP level 4. HP: 19/36 MP: 5/5
   457 | D:2      | Reached skill level 4 in Unarmed Combat
   512 | D:2      | Found Miqaruc's Armour Boutique.
   515 | D:2      | Reached XP level 5. HP: 39/41 MP: 6/6
   679 | D:2      | Identified the +1 robe of Entitlement {rPois rN+ Stlth-}
   814 | D:3      | Reached skill level 5 in Shapeshifting
   814 | D:3      | Reached XP level 6. HP: 16/48 MP: 7/7
   840 | D:3      | Noticed an ogre
   849 | D:3      | Killed an ogre
   850 | D:3      | Reached skill level 5 in Unarmed Combat
  1021 | D:3      | Found a shimmering altar of Xom.
  1075 | D:4      | Identified a scroll of acquirement
  1076 | D:4      | Acquired the amulet of the Loving Madman {RegenMP Regen+}
  1171 | D:5      | Entered Level 5 of the Dungeon
  1171 | D:5      | Found Neemuipp's Weapon Boutique.
  1174 | D:5      | Gained mutation: You occasionally lose the ability to drink
                  | potions when taking damage. [potion of mutation]
  1174 | D:5      | Gained mutation: You are vulnerable to cold. (rC-) [potion
                  | of mutation]
  1174 | D:5      | Gained mutation: Your natural rate of healing is unusually
                  | fast. [potion of mutation]
  1182 | D:5      | Reached XP level 7. HP: 53/55 MP: 8/8
  1210 | D:5      | Identified the +1 leather armour of Sin {Rampage rC+ Str+5
                  | Slay-6}
  1216 | D:5      | Found a stormy altar of Qazlal.
  1238 | D:5      | Reached skill level 6 in Unarmed Combat
  1330 | D:5      | Found Noyteats's Armour Boutique.
  1341 | D:5      | Found Liff's Distillery.
  1350 | D:5      | Bought a potion of heal wounds for 65 gold pieces
  1391 | D:5      | Reached skill level 7 in Unarmed Combat
  1391 | D:5      | Reached XP level 8. HP: 46/61 MP: 9/9
  1398 | D:5      | Found Hisinuly's Book Boutique.
  1422 | D:6      | Found a staircase to the Ecumenical Temple.
  1436 | Temple   | Entered the Ecumenical Temple
  1477 | Temple   | Became a worshipper of Makhleb the Destroyer
  1537 | D:6      | Noticed Edmund
  1570 | D:6      | Killed Edmund
  1571 | D:6      | Reached skill level 8 in Unarmed Combat
  1591 | D:6      | Noticed Prince Ribbit
  1605 | D:6      | Killed Prince Ribbit
  1643 | D:6      | Noticed Grinder
  1661 | D:6      | Killed Grinder
  1662 | D:6      | Gained mutation: You passively map the area around you.
                  | [Meteoran growth]
  1662 | D:6      | Reached XP level 9. HP: 55/67 MP: 10/10
  1697 | D:6      | Reached skill level 9 in Unarmed Combat
  1831 | D:6      | Reached * piety under Makhleb
  1845 | D:6      | Found Keosoliph's Weapon Shoppe.
  1961 | D:6      | Noticed Blork the orc
  1971 | D:6      | Killed Blork the orc
  2007 | D:7      | Found a hide-covered altar of Uskayaw.
  2073 | D:7      | Reached skill level 10 in Unarmed Combat
  2112 | D:7      | Found a glowing golden altar of the Shining One.
  2241 | D:8      | Slain by a gnoll sergeant

Illustrated notes

Levels and vault maps discovered:
D:1:      lemuel_arrival_rhombus, layout_basic, serial_shops,
          nicolae_shop_peninsula, chequers_serial_rivers_room_a, nicolae_titane
D:2:      layout_basic, serial_shops, nicolae_shop_tiny_waterfront
D:3:      layout_loops_ring, mainiacjoe_overflow_alcove_1,
          ashenzari_conservatory_becter, xom_confusion_cloud,
          hellmonk_ecumenical_altar_run_dry, corner_web_ring
D:4:      layout_loops_ring, glass_columns_a, grunt_ministairs_14, uniq_pikel,
          uniq_menkaure
D:5:      layout_layer_cave, mainiacjoe_overflow_concentric_impassable,
          serial_shops, shop, shop, nicolae_shop_trees, nicolae_lakefront_shop,
          nicolae_shop_tiny_statue_garden, dreamdust_princess_corridor,
          hangedman_abyss_or_decor_stabs
D:6:      layout_layer_cave, minmay_temple_entry_grid, minmay_shop_grid_forest,
          st_stairs_4, minmay_splitting_lines, kennysheep_generic_room_13,
          uniq_blork_the_orc, uniq_prince_ribbit1, uniq_grinder, uniq_edmund
D:7:      layout_rooms, tso_oasis_becter,
          nicolae_uskayaw_murder_on_the_dancefloor, led_sif_pool
D:8:      minmay_clustersquares, layout_cave_pods,
          chequers_temple_overflow_statue_of_worship, erik_lair_orcish_takeover,
          enter_bailey_3, feat_on_display
Temple:   nicolae_temple_godzebo

Skill      XL: |  1  2  3  4  5  6  7  8  9 |
---------------+----------------------------+-----
Unarmed Combat | 3 4 5 7 8 10 | 10.3
Shapeshifting  | 4 5 6 8 9 |  9.2
Fighting       | |  2.1
Dodging        | |  2.4

Action                     |  1- 3 |  4- 6 |  7- 9 || total
---------------------------+-------+-------+-------++-------
  Melee: Unarmed           |    53 |    92 |   177 ||   322
         Punch             |     1 |     1 |     7 ||     9
  Evoke: Wand              |       |       |     2 ||     2
    Use: Potion            |       |     4 |     2 ||     6
         Scroll            |       |     6 |     3 ||     9
 Armour: Animal skin       |     3 |       |       ||     3
         Scale mail        |    11 |    40 |    46 ||    97
         Skin              |       |     5 |       ||     5
         Chain mail        |       |       |    11 ||    11
  Dodge: Dodged            |    16 |    33 |    63 ||   112

Table legend: (Time is in decaauts)
 A = Elapsed time spent in this place.
 B = Non-inter-level travel time spent in this place.
 C = Inter-level travel time spent in this place.
 D = Time resting spent in this place.
 E = Time spent auto-exploring this place.
 F = Levels seen in this place.
 G = Mean time per level.
                   A        B        C        D        E       F      G
               +--------+--------+--------+--------+--------+-----+--------+
         Total |   2202 |   2090 |    112 |     53 |      1 |   9 |  244.7 |
       Dungeon |   2135 |   2054 |     81 |     53 |      1 |   8 |  266.9 |
        Temple |     66 |     35 |     31 |      0 |      0 |   1 |   66.0 |
               +--------+--------+--------+--------+--------+-----+--------+

Top non-repeatable levels by time:
     D:2: 519 daAuts
     D:6: 452 daAuts
     D:1: 276 daAuts
     D:7: 257 daAuts
     D:3: 245 daAuts
     D:5: 240 daAuts
     D:4: 118 daAuts
  Temple: 66 daAuts
     D:8: 25 daAuts
